 Dungeon Crawl Stone Soup version 0.23-a0-141-g456867d (webtiles) character file.

289 Moebius the Grave Robber (level 6, -3/42 HPs)
             Began as a Mummy Necromancer on Aug 31, 2018.
             Slain by an iguana (8 damage)
             ... on level 5 of the Dungeon.
             The game lasted 00:21:04 (3172 turns).

Moebius the Grave Robber (Mummy Necromancer)        Turns: 3172, Time: 00:21:04

Health: -3/42      AC:  4    Str: 11    XL:     6   Next: 9%
Magic:  0/12       EV: 12    Int: 16    God:
Gold:   86         SH:  0    Dex: 13    Spells: 9/14 levels left

rFire    x . .     SeeInvis .   l - +0 halberd
rCold    + . .     Gourm    .   (shield currently unavailable)
rNeg     + + +     Faith    .   a - +1 robe
rPois    ∞         Spirit   .   (no helmet)
rElec    .         Reflect  .   n - +0 cloak
rCorr    .         Harm     .   (no gloves)
MR       .....                  (no boots)
Stlth    ++........             (no amulet)
HPRegen  0.14/turn              (no ring)
MPRegen  0.13/turn              (no ring)

@: no status effects
A: no food or potions, fire vulnerability, cold resistance 1, negative energy
resistance 3, torment resistance, unbreathing
a: no special abilities


You were on level 5 of the Dungeon.
You were not hungry.

You visited 1 branch of the dungeon, and saw 5 of its levels.

You collected 86 gold pieces.

Inventory:

Hand Weapons
 d - a +0 club
 g - a cursed -3 long sword
 l - a +0 halberd (weapon)
Missiles
 b - 13 poisoned needles
 e - 179 stones (quivered)
 f - 55 bolts
 h - 76 arrows
 j - 13 sling bullets
Armour
 a - a +1 robe (worn)
 n - a +0 cloak (worn)
Jewellery
 m - a +3 ring of dexterity {unknown}
Scrolls
 c - a scroll of identify
 i - 2 scrolls of remove curse
 k - a scroll of enchant armour


   Skills:
 + Level 0.5 Fighting
 - Level 1.1 Maces & Flails
 * Level 1.2 Polearms
 - Level 1.5 Dodging
 - Level 1.5 Stealth
 + Level 4.5 Spellcasting
 + Level 6.1 Necromancy


You had 9 spell levels left.
You knew the following spells:

 Your Spells              Type           Power        Failure   Level  Hunger
a - Pain                  Necr           ###.         1%          1    N/A
b - Animate Skeleton      Necr           N/A          1%          1    N/A
c - Vampiric Draining     Necr           ###.......   3%          3    N/A

Your spell library contained the following spells:

 Spells                   Type           Power        Failure   Level  Hunger
 Animate Dead             Necr           N/A          13%         4    N/A
 Regeneration             Chrm/Necr      Unusable     N/A         3    N/A

Dungeon Overview and Level Annotations

Branches:
Dungeon (5/15)
 Temple: D:4-7

Altars:
Fedhas
Qazlal


Innate Abilities, Weirdness & Mutations

You do not eat or drink.
Your flesh is vulnerable to fire.
You are immune to poison.
Your flesh is cold resistant. (rC+)
You are immune to negative energy. (rN+++)
You are immune to unholy pain and torment.
You can survive without breathing.


Message History

The iguana misses you.
You climb downwards.
There is a stone staircase leading up here.
Casting: Vampiric Draining (safe; 3% risk of failure)
Confirm with . or Enter, or press ? or * to list all spells.
Aiming: Vampiric Draining (safe; 3% risk of failure)
Press: ? - help, Shift-Dir - straight line, f - iguana
Aim: an iguana The iguana is moderately wounded.
You feel life coursing into your body. The iguana bites you.
You hit the iguana.
The iguana is severely wounded.
The iguana bites you.
* * * LOW HITPOINT WARNING * * *
You barely miss the iguana.
The iguana is severely wounded.
The iguana bites you!
* * * LOW HITPOINT WARNING * * *
The iguana bites you!
You die... #### +l@+ ####

You could see an iguana.

Vanquished Creatures
  An ogre (D:4)
  2 gnolls (D:3)
  6 adders
  An ooze (D:4)
  A worm (D:2)
  2 dart slugs (D:1)
  2 leopard geckos (D:1)
  15 orcs
  6 giant cockroaches
  6 goblins
  6 hobgoblins
  10 jackals
  7 kobolds
  A quokka (D:2)
  5 bats
  2 frilled lizards
  8 rats
81 creatures vanquished.

Vanquished Creatures (collateral kills)
  An adder (D:3)
  A gnoll (D:3)
  An ooze (D:3)
  A worm (D:2)
  An orc (D:3)
  2 bats (D:3)
  2 goblins
  A hobgoblin (D:1)
  A kobold (D:1)
  A frilled lizard (D:1)
12 creatures vanquished.

Grand Total: 93 creatures vanquished

Notes
Turn   | Place    | Note
-------+----------+-------------------------------------------
     0 | D:1      | Moebius the Mummy Necromancer began the quest for the Orb.
     0 | D:1      | Reached XP level 1. HP: 13/13 MP: 4/4
    54 | D:1      | Learned a level 1 spell: Animate Skeleton
   185 | D:1      | Reached XP level 2. HP: 16/19 MP: 5/5
   645 | D:1      | Reached XP level 3. HP: 23/24 MP: 1/7
  1093 | D:2      | Reached skill level 5 in Necromancy
  1175 | D:2      | Learned a level 3 spell: Vampiric Draining
  1369 | D:3      | Reached XP level 4. HP: 13/30 MP: 4/9
  1762 | D:3      | Found a blossoming altar of Fedhas.
  2086 | D:3      | Reached skill level 1 in Maces & Flails
  2104 | D:3      | Reached XP level 5. HP: 35/35 MP: 6/10
  2241 | D:3      | Found a stormy altar of Qazlal.
  3061 | D:5      | Entered Level 5 of the Dungeon
  3100 | D:4      | Noticed an ogre
  3138 | D:4      | Noticed an ogre
  3167 | D:4      | Killed an ogre
  3167 | D:4      | Reached skill level 1 in Polearms
  3167 | D:4      | Reached skill level 6 in Necromancy
  3167 | D:4      | Reached XP level 6. HP: 18/42 MP: 2/12
  3172 | D:5      | Slain by an iguana

Vault maps used:
D:1:      dpeg_arrival_lava_temple_mockup
D:2:      first_ration
D:3:      grunt_qazlal_sundering, fedhas_altar_1
D:4:      yredelemnul_altar_generic, nicolae_dithmenos_shadow_blocks
D:5:      lemuel_coloured_pillars_altar, gammafunk_temple_overflow_pools,
          temple_doors_ab, serial_shops, shop, kennysheep_mini_moat,
          nicolae_shop_crystal, nicolae_shop_overgrown_old_shop,
          nicolae_shop_overgrown_old_shop, lemuel_old_faithful

Skill      XL: |  1  2  3  4  5 |
---------------+----------------+-----
Spellcasting   | 3 4 |  4.5
Necromancy     | 5 6 |  6.1
Maces & Flails | 1 |  1.1
Polearms       | 1 |  1.2
Fighting       | |  0.5
Dodging        | |  1.5
Stealth        | |  1.5

Action                   |  1- 3 |  4- 6 || total
-------------------------+-------+-------++-------
Melee: Club              |    71 |    31 ||   102
       Halberd           |       |    53 ||    53
Throw: Stone             |    10 |     2 ||    12
 Cast: Pain              |    47 |    62 ||   109
       Animate Skeleton  |    15 |    21 ||    36
       Vampiric Draining |       |     4 ||     4
  Use: Scroll            |     2 |     1 ||     3
 Stab: Sleeping          |     1 |     4 ||     5
       Distracted        |     1 |       ||     1
Armor: Robe              |    18 |    44 ||    62
Dodge: Dodged            |    57 |   124 ||   181

Table legend:
 A = Non-vault XP
 B = Vault XP
 C = Vault XP percentage of total XP
 D = Non-vault monster count
 E = Vault monster count
 F = Vault count percentage of total count
                 A         B        C        D         E       F
            +---------+---------+-------+---------+---------+-------
      Total |     414 |       0 |   0.0 |      93 |       0 |   0.0
            +---------+---------+-------+---------+---------+-------
        D:1 |      47 |       0 |   0.0 |      25 |       0 |   0.0
        D:2 |      39 |       0 |   0.0 |      19 |       0 |   0.0
        D:3 |     169 |       0 |   0.0 |      41 |       0 |   0.0
        D:4 |     159 |       0 |   0.0 |       8 |       0 |   0.0
            +---------+---------+-------+---------+---------+-------
